 Dungeon Crawl Stone Soup version 0.19.1-1-g22dce08 (webtiles) character file.

3508 Megalobster the Destroyer (level 9, -1/51 HPs)
             Began as a High Elf Conjurer on Jan 13, 2017.
             Was a Believer of Vehumet.
             Slain by an eight-headed hydra (4 damage)
             ... on level 9 of the Dungeon.
             The game lasted 01:08:02 (11397 turns).

Megalobster the Destroyer (High Elf Conjurer)      Turns: 11397, Time: 01:08:04

Health: -1/51      AC:  8    Str:  8    XL:     9   Next: 81%
Magic:  4/22       EV: 14    Int: 21    God:    Vehumet [**....]
Gold:   49         SH:  4    Dex: 19    Spells: 9 memorised, 1 level left

rFire  . . .     SeeInvis .     y - +2 dagger (venom)
rCold  . . .     Gourm    .     u - +0 robe {Archmagi}
rNeg   . . .     Faith    .     g - +0 buckler
rPois  +         Spirit   .     (helmet restricted)
rElec  .         Reflect  .     W - +0 cloak {rPois}
rCorr  .         Harm     .     (no gloves)
MR     .....     Clarity  +     P - +0 pair of boots
Stlth  ++........               Z - amulet of regeneration
                                A - +3 ring of protection
                                E - +2 ring of intelligence

@: very slightly contaminated
A: horns 1, agile 1, clarity, dopey 1, shaggy fur 1
a: Renounce Religion


You were on level 9 of the Dungeon.
You worshipped Vehumet.
Vehumet was pleased with you.
You were not hungry.

You visited 2 branches of the dungeon, and saw 10 of its levels.

You collected 343 gold pieces.
You spent 294 gold pieces at shops.

Inventory:

Hand Weapons
 y - a +2 dagger of venom (weapon)
 H - a +6 hand axe
 J - a +3 spear
 N - the +1 whip of Indomitability {slash, rC+++ rN+ Str-3 Int-3}
   (You found it on level 6 of the Dungeon)

   It inflicts extra damage upon your enemies.
   It affects your strength (-3).
   It affects your intelligence (-3).
   It renders you almost immune to cold.
   It protects you from negative energy.
 S - a +1 whip of flaming
Missiles
 l - 127 stones (quivered)
 p - 4 curare-tipped needles
 t - 30 arrows
 O - 42 bolts
Armour
 g - a +0 buckler (worn)
 u - a +0 robe of the Archmagi (worn)
 P - a +0 pair of boots (worn)
 T - a +1 robe of magic resistance
 U - a +0 robe
 W - a +0 cloak of poison resistance (worn)
Jewellery
 j - a +4 ring of slaying
 A - a +3 ring of protection (right hand)
 E - a +2 ring of intelligence (left hand)
 Z - an amulet of regeneration (around neck)
Wands
 s - a wand of slowing (20/48)
 v - a wand of lightning (9/15)
 F - a wand of digging (13/24)
 M - a wand of enslavement (9/24)
 R - a wand of confusion (15/48)
Scrolls
 a - a scroll of blinking {unknown}
 d - 2 scrolls of fear
 f - 2 scrolls of teleportation
 k - 4 scrolls of remove curse
 m - 2 scrolls of enchant armour {unknown}
 o - 6 scrolls of identify
 r - 3 scrolls of enchant weapon {unknown}
 B - a scroll of noise {unknown}
 C - 3 scrolls of fog {unknown}
 I - a scroll of recharging {unknown}
 X - a scroll of random uselessness {unknown}
Potions
 e - 5 potions of curing
 h - a potion of mutation
 n - 2 potions of heal wounds
 D - 2 potions of ambrosia {unknown}
 G - a potion of invisibility {unknown}
 Q - a potion of resistance {unknown}
 V - a potion of agility
Books
 b - a book of Conjurations

   Spells                             Type                      Level
   a - Magic Dart                     Conjuration                  1
   b - Searing Ray                    Conjuration                  2
   c - Dazzling Spray                 Conjuration/Hexes            3
   d - Fulminant Prism                Conjuration/Hexes            4
   e - Iskenderun's Mystic Blast      Conjuration                  4
   f - Iskenderun's Battlesphere      Conjuration/Charms           5
 x - a book of Cantrips

   Spells                             Type                      Level
   a - Confusing Touch                Hexes                        1
   b - Animate Skeleton               Necromancy                   1
   c - Summon Small Mammal            Summoning                    1
   d - Apportation                    Translocation                1
 K - a book of Enchantments

   Spells                             Type                      Level
   a - Cause Fear                     Hexes                        4
   b - Yara's Violent Unravelling     Hexes/Transmutation          5
   c - Silence                        Hexes/Air                    5
   d - Deflect Missiles               Charms/Air                   6
   e - Discord                        Hexes                        8
 L - a book of Changes

   Spells                             Type                      Level
   a - Beastly Appendage              Transmutation                1
   b - Sticks to Snakes               Transmutation                2
   c - Spider Form                    Transmutation/Poison         3
   d - Ice Form                       Ice/Transmutation            4
   e - Blade Hands                    Transmutation                5
Comestibles
 c - 3 bread rations
 i - 4 beef jerkies
 q - 2 meat rations
 w - 10 fruits
 z - 3 slices of pizza
 Y - 5 chunks of flesh


   Skills:
 - Level 0.2 Fighting
 + Level 2.6 Short Blades
 - Level 0.1 Polearms
 + Level 3.7 Dodging
 - Level 2.1 Stealth
 * Level 0.8 Shields
 + Level 8.3 Spellcasting
 * Level 11.5 Conjurations
 * Level 6.1 Charms
 - Level 0.1 Summonings
 * Level 1.2 Fire Magic
 - Level 0.4 Evocations


You had one spell level left.
You knew the following spells:

 Your Spells              Type           Power        Failure   Level  Hunger
a - Magic Dart            Conj           ####         1%          1    None
b - Searing Ray           Conj           ######       1%          2    None
c - Iskenderun's Mystic   Conj           ######..     1%          4    ###....
d - Summon Small Mammal   Summ           ##..         12%         1    None
e - Iskenderun's Battles  Conj/Chrm      ######..     12%         5    #####..
f - Flame Tongue          Conj/Fire      #####        1%          1    None
g - Dazzling Spray        Conj/Hex       #####.       3%          3    None
h - Throw Frost           Conj/Ice       #####.       1%          2    None
i - Fulminant Prism       Conj/Hex       #####.....   14%         4    ###....


Dungeon Overview and Level Annotations

Branches:
Dungeon (9/15)             Temple (1/1) D:4
   Lair: D:8-11         Orc: D:9-12

Altars:
Ashenzari
Cheibriados
Dithmenos
Elyvilon
Fedhas
Gozag
Hepliaklqana
Kikubaaqudgha
Makhleb
Nemelex Xobeh
Okawaru
Qazlal
Ru
Sif Muna
Trog
Uskayaw
Vehumet
Xom
Yredelemnul
Zin
The Shining One

Shops:
D:8 [


Innate Abilities, Weirdness & Mutations

You have a pair of small horns on your head.
You are agile. (Dex +2)
You possess an exceptional clarity of mind.
You are dopey. (Int -2)
You are covered in fur. (AC +1)


Message History

You feel a surge of power!
The flame tongue hits the eight-headed hydra.
The eight-headed hydra is lightly wounded.
The eight-headed hydra closely misses you.
The eight-headed hydra misses you.
The eight-headed hydra bites you but does no damage.
The eight-headed hydra closely misses you.
The eight-headed hydra bites you.
* * * LOW HITPOINT WARNING * * *
You block the eight-headed hydra's attack.
The eight-headed hydra misses you.
The eight-headed hydra closely misses you.
The eight-headed hydra barely misses you.
The eight-headed hydra closely misses you.
The eight-headed hydra bites you!
* * * LOW HITPOINT WARNING * * *
The eight-headed hydra bites you.
* * * LOW HITPOINT WARNING * * *
The eight-headed hydra bites you.
You die...

#..###..# ..###. #
#.......#######......
#
#.......#.$#..#......
#
....###.....#.........
# ...
#.....###........ # ..
#..#............. # .
####......### #
#..#D....#..# #
#...@.รท.##..# #
##.......#.)# #
.......#...#..# #
..?#....##+##..# # .#
##...# #..###### #
#...+ #.......+ #
+...#####.......####
#####...#..######...
#.......#..#........


You could see an eight-headed hydra.

Vanquished Creatures
  Pikel (D:8)
  Prince Ribbit (D:8)
  A hippogriff (D:9)
  2 hungry ghosts
  A water moccasin (D:8)
  3 ice beasts
  A black bear (D:7)
  A phantom (D:7)
  2 slaves (D:8)
  An ogre (D:8)
  2 centaurs
  4 bullfrogs
  A scorpion (D:9)
  A killer bee (D:7)
  5 wights
  2 howler monkeys
  A crimson imp (D:5)
  2 jellies
  7 orc wizards
  3 hounds
  A bullfrog skeleton (D:7)
  4 iguanas
  Ijyb (D:2)
  5 worker ants
  3 hound skeletons
  3 worker ant zombies (D:5)
  3 gnolls (D:4)
  13 adders
  3 shadow imps
  An adder skeleton (D:4)
  2 dart slugs
  3 leopard geckos
  28 orcs
  3 giant cockroaches
  5 goblins
  7 hobgoblins
  10 jackals
  2 quokkas
  A ball python (D:6)
  8 bats
  2 frilled lizards
  7 kobolds
  A leopard gecko skeleton (D:4)
  2 quokka skeletons
  A quokka zombie (D:7)
  7 rats
168 creatures vanquished.

Vanquished Creatures (collateral kills)
  An adder (D:6)
1 creature vanquished.

Vanquished Creatures (others)
  A fulminant prism (D:9)
1 creature vanquished.

Grand Total: 170 creatures vanquished

Notes
Turn   | Place    | Note
-------+----------+-------------------------------------------
     0 | D:1      | Megalobster the High Elf Conjurer began the quest for the Orb.
     0 | D:1      | Reached XP level 1. HP: 11/11 MP: 4/4
   282 | D:1      | Reached XP level 2. HP: 17/17 MP: 2/6
   643 | D:1      | Learned a level 2 spell: Searing Ray
   694 | D:1      | Reached skill level 5 in Conjurations
   996 | D:2      | Reached XP level 3. HP: 12/21 MP: 0/7
  1441 | D:2      | Noticed Ijyb
  1544 | D:2      | Killed Ijyb
  1780 | D:2      | Reached XP level 4. HP: 23/27 MP: 4/9
  1975 | D:2      | Reached skill level 6 in Conjurations
  2189 | D:2      | Learned a level 4 spell: Iskenderun's Mystic Blast
  2193 | D:2      | Learned a level 1 spell: Summon Small Mammal
  2958 | D:3      | Reached XP level 5. HP: 9/31 MP: 3/10
  3927 | D:3      | Reached skill level 7 in Conjurations
  4075 | D:4      | Reached XP level 6. HP: 36/36 MP: 1/13
  4437 | D:4      | Found a staircase to the Ecumenical Temple.
  4446 | Temple   | Entered the Ecumenical Temple
  4558 | Temple   | Became a worshipper of Vehumet
  5643 | D:4      | Learned a level 5 spell: Iskenderun's Battlesphere
  5644 | D:5      | Entered Level 5 of the Dungeon
  5717 | D:5      | Found a sacrificial altar of Ru.
  6120 | D:5      | Found a sparkling altar of Nemelex Xobeh.
  6166 | D:5      | Reached XP level 7. HP: 41/41 MP: 1/15
  6177 | D:5      | Reached skill level 1 in Charms
  6322 | D:5      | Reached skill level 5 in Spellcasting
  6354 | D:5      | Reached * piety under Vehumet
  6354 | D:5      | Offered knowledge of Flame Tongue by Vehumet.
  6357 | D:5      | Learned a level 1 spell: Flame Tongue
  6389 | D:5      | Reached skill level 1 in Short Blades
  6389 | D:5      | Reached skill level 8 in Conjurations
  7082 | D:6      | Got a brightly glowing whip
  7225 | D:5      | Gained mutation: You are dopey. (Int -2) [potion of mutation]
  7225 | D:5      | Gained mutation: You are agile. (Dex +2) [potion of mutation]
  7225 | D:5      | Gained mutation: You are covered in fur. (AC +1) [potion of mutation]
  7228 | D:5      | Gained mutation: You possess an exceptional clarity of mind. [potion of mutation]
  7228 | D:5      | Gained mutation: You have a pair of small horns on your head. [potion of mutation]
  8026 | D:7      | Reached XP level 8. HP: 46/46 MP: 10/17
  8077 | D:7      | Learned a level 3 spell: Dazzling Spray
  8163 | D:7      | Reached skill level 9 in Conjurations
  8520 | D:7      | Offered knowledge of Throw Frost by Vehumet.
  8542 | D:7      | Identified the +1 whip of Indomitability {slash, rC+++ rN+ Str-3 Int-3} (You found it on level 6 of the Dungeon)
  8639 | D:7      | Reached ** piety under Vehumet
  8639 | D:7      | Reached skill level 1 in Fire Magic
  9349 | D:6      | Learned a level 2 spell: Throw Frost
  9463 | D:7      | Reached XP level 9. HP: 40/51 MP: 13/20
  9641 | D:8      | Noticed Prince Ribbit
  9783 | D:8      | Reached skill level 10 in Conjurations
  9783 | D:8      | Reached skill level 5 in Charms
 10204 | D:8      | Noticed Pikel
 10368 | D:8      | Killed Pikel
 10523 | D:8      | Found Disoim's Antique Armour Emporium.
 10558 | D:8      | Bought a runed cloak for 294 gold pieces
 10690 | D:8      | Learned a level 4 spell: Fulminant Prism
 10692 | D:8      | Killed Prince Ribbit
 10692 | D:8      | Reached skill level 11 in Conjurations
 11381 | D:9      | Noticed an eight-headed hydra
 11397 | D:9      | Slain by an eight-headed hydra

Skill      XL: |  1  2  3  4  5  6  7  8  9 |
---------------+----------------------------+-----
Conjurations   | 5 6 7 8 9 11 | 11.5
Spellcasting   | 3 4 5 7 8 |  8.3
Charms         | 3 4 6 |  6.1
Short Blades   | 1 2 |  2.6
Dodging        | 3 |  3.7
Fire Magic     | 1 |  1.2
Fighting       | |  0.2
Polearms       | |  0.1
Stealth        | |  2.1
Shields        | |  0.8
Summonings     | |  0.1
Evocations     | |  0.4

Action                   |  1- 3 |  4- 6 |  7- 9 || total
-------------------------+-------+-------+-------++-------
Melee: Spear             |    45 |     2 |       ||    47
       Dagger            |       |    16 |    32 ||    48
       Headbutt          |       |       |     1 ||     1
 Cast: Magic Dart        |    54 |   151 |   161 ||   366
       Searing Ray       |     8 |     6 |     4 ||    18
       Iskenderun's Myst |       |    11 |    15 ||    26
       Summon Small Mamm |       |     1 |     1 ||     2
       Flame Tongue      |       |       |    71 ||    71
       Dazzling Spray    |       |       |    12 ||    12
       Iskenderun's Batt |       |       |     7 ||     7
       Fulminant Prism   |       |       |     1 ||     1
Evoke: Wand              |       |       |     1 ||     1
  Use: Scroll            |       |     3 |     3 ||     6
       Potion            |       |     1 |     5 ||     6
  Eat: Chunk             |     3 |     6 |     4 ||    13
       Bread ration      |       |     3 |     3 ||     6
Armor: Robe              |    10 |     5 |    19 ||    34
Dodge: Dodged            |    49 |    31 |    66 ||   146
Block: Buckler           |       |       |     4 ||     4
